 Dungeon Crawl Stone Soup version 0.31-a0-1068-g5939ac1fb6 (webtiles) character file.

Game seed: 6050392734969957145

738 kae the Changeling (level 8, -2/54 HPs)
             Began as a Human Shapeshifter on Nov 23, 2023.
             Was an Initiate of Ru.
             Slain by a gnoll
             ... wielding a +0 flail
              (9 damage)
             ... on level 5 of the Dungeon.
             The game lasted 00:04:30 (4441 turns).

kae the Changeling (Human Shapeshifter)             Turns: 4441, Time: 00:04:30

Health: -2/54      AC:  3    Str: 14    XL:     8   Next: 4%
Magic:  8/8        EV: 12    Int: 12    God:    Ru [......]
Gold:   595        SH:  0    Dex: 14    Spells: 7/7 levels left

rFire   . .          .
                       - Unarmed
rCold   . . .        (shield currently unavailable)
rNeg    . . .        a - +1 animal skin
rPois   .            (no helmet)
rElec   .            (no cloak)
rCorr   +            (no gloves)
SInv    +            (no boots)
Will    .....        (no amulet)
Stlth   +            R - ring of resist corrosion
HPRegen 0.29/turn    v - ring of see invisible
MPRegen 0.11/turn

%: no passive effects
@: flux-form, glowing, invisible (but backlit and visible)
A: glow, contaminating, reduced hp
a: Begin Untransformation, Renounce Religion


You were on level 5 of the Dungeon.
You worshipped Ru.
Ru was noncommittal.
You were something dangerously unstable.
You visited 2 branches of the dungeon, and saw 6 of its levels.

You collected 1235 gold pieces.
You spent 640 gold pieces at shops.


   Skills:
 + Level 4.0 Fighting
 + Level 2.3 Dodging
 + Level 5.0 Unarmed Combat
 * Level 6.1 Shapeshifting


You had 7 spell levels left.
You didn't know any spells.
Your spell library contained the following spells:

 Spells                   Type           Power      Damage    Failure   Level
 Apportation              Tloc           0%         N/A       32%         1
 Necrotise                Necr           0%         1d4       32%         1
 Slow                     Hex            0%         N/A       32%         1
 Summon Small Mammal      Summ           0%         N/A       32%         1
 Confusing Touch          Hex            0%         N/A       69%         3
 Sigil of Binding         Hex            0%         N/A       69%         3
 Vampiric Draining        Necr           0%         2d6       69%         3

Inventory:

Missiles
 h - 39 stones
 o - 3 boomerangs
Armour
 a - a +1 animal skin (worn)
Jewellery
 v - a ring of see invisible (right hand)
   (You found it on level 2 of the Dungeon)
 R - a ring of resist corrosion (left hand)
   (You found it on level 2 of the Dungeon)
Talismans
 c - a beast talisman
 d - a flux talisman (active)
 f - the blade talisman of Spaghetti {rN+++ Will- Int-4 Slay+6}
   (You bought it in a shop on level 3 of the Dungeon)

   [blade talisman]

   Int-4:     It affects your intelligence (-4).
   Slay+6:    It affects your accuracy & damage with ranged weapons and melee
   (+6).
   rN+++:     It renders you almost immune to negative energy.
   Will-:     It decreases your willpower.
Wands
 b - a wand of charming (4)
   (You took it off Ijyb on level 3 of the Dungeon)
Scrolls
 e - a scroll of revelation
 k - a scroll of teleportation {@r4}
 s - a scroll of enchant armour
Potions
 g - 2 potions of mutation {!q}
 i - 2 potions of degeneration {!q}
 l - 3 potions of attraction {!q}
 m - a potion of might

Dungeon Overview and Level Annotations

Branches:
Dungeon (5/15) Zot: 25577  Temple (1/1) D:4 Zot: 5989

Altars:
Ashenzari
Cheibriados
Elyvilon
Fedhas
Gozag
Hepliaklqana
Kikubaaqudgha
Nemelex Xobeh
Okawaru
Ru
Sif Muna
Trog
Uskayaw
Vehumet
Wu Jian
Yredelemnul
The Shining One

Shops:
D:3 !*[[

Annotations:
D:3 exclusion: oklob plant

....<.#####..#####.*,*,,,,,,*,,,,
......####.........*,*,,,,,,*,,*,
......###..........,,#,,,,,,*,,*,
............##.##.#*.###***,*,,*,
.####........((##.##...,,,,,,,,,,
.......).......##....#*****,*,,*,
.#..#.##....##.##....## ***,*,,*,
.##.#.##.....#.##...<.# *,,,,,,*,
.##...###......gp.....#**,*,*,,,,
,**#.g#*#.#..#g###.......,,,*,,**
,,,..g...........,...!###,*,*,***
,*###...#.#..#.###.....$,,,,,,***
,***#.#..........,......#***,,,*,
,,,,......#.##..........#***,,,,,
,****.#.....#######......,,,,,,,,
,,,,,,#.#...,,,,,,,,,,,,,,,,,,,,,
,******,*,,,,,,,,,,,,,,,,,,,,,**,


You could see 2 gnolls.


Message History

It was a potion of heal wounds.
You feel much better.
The gnoll shouts! 😕 HP[+17]
You regained 17 hp, and now have 36/47 hp.
It was a potion of invisibility.
You become transparent, but the glow from your form prevents you from becoming completely invisible.
Unknown command.
The centaur unwields a +0 shortbow.
The centaur hits you. The centaur barely misses you. 😮 HP[-4]
You take 4 damage, and now have 32/47 hp.
You hit the centaur but do no damage.
The centaur begins to glow.
The centaur hits you. The centaur barely misses you. The centaur hits you.
The centaur closely misses you. 😮 HP[-2]
You take 2 damage, and now have 30/47 hp.
Unknown command.
You hit the centaur but do no damage.
The centaur glows dangerously bright.
The centaur hits you but does no damage.
The centaur closely misses you.
You hit the centaur.
The centaur shudders as magic cascades through it!!
You kill the centaur!
Your Fighting skill increases to level 4!
Your Unarmed Combat skill increases to level 5!
Your Shapeshifting skill increases to level 6!
You have reached level 8!
You feel clever. 😮 HP[+5] MP[+1]
You now have 54 max hp (+7).
You regained 5 hp, and now have 35/54 hp.
Your mp is fully restored (8).
You see here a +0 shortbow. 😮 HP[+1]
The gnoll attacks as it pursues you!
The gnoll hits you with a +0 whip! 😮 HP[-8]
You take 8 damage, and now have 28/54 hp.
Found an escape hatch in the ceiling.
The gnoll attacks as it pursues you! The gnoll closely misses you. 😮 HP[+1]
The gnoll attacks as it pursues you! The gnoll hits you with a +0 whip.
* * * LOW HITPOINT WARNING * * *
😨 HP[-2]
You take 2 damage, and now have 27/54 hp. 😮 HP[+1]
You completely miss the gnoll. You hit the gnoll but do no damage.
The gnoll begins to glow.
The gnoll closely misses you.
You hit the gnoll.
The gnoll glows dangerously bright.
The gnoll hits you but does no damage.
The gnoll hits you from afar with a +0 spear!
* * * LOW HITPOINT WARNING * * *
😨 HP[-7]
You take 7 damage, and now have 21/54 hp.
The gnoll attacks as it pursues you! The gnoll barely misses you. 😨 HP[+1]
You hit the gnoll.
The gnoll shudders as magic cascades through it.
The gnoll twists and deforms.
The gnoll hits you but does no damage.
The gnoll hits you from afar with a +0 spear!
* * * LOW HITPOINT WARNING * * *
😨 HP[-7]
You take 7 damage, and now have 15/54 hp.
You hit the gnoll.
The gnoll begins to glow.
The gnoll barely misses you. The gnoll misses you.
Unknown command.
You hit the gnoll.
You kill the gnoll!
The gnoll hits you from afar with a +0 spear!
* * * LOW HITPOINT WARNING * * *
😱 HP[-8]
You take 8 damage, and now have 7/54 hp.
The gnoll hits you but does no damage.
Things that are here:
a +0 whip; a gnoll corpse; 😱 HP[+1]
You hit the gnoll.
The gnoll begins to glow.
The gnoll closely misses you.
Unknown command.
You hit the gnoll.
The gnoll glows dangerously bright.
The gnoll closely misses you.
Unknown command.
You feel better. The gnoll hits you with a +0 spear.
* * * LOW HITPOINT WARNING * * *
😨 HP[+6]
You regained 6 hp, and now have 14/54 hp.
You hit the gnoll.
The gnoll shudders as magic cascades through it!
You kill the gnoll!
You barely miss the gnoll. The gnoll hits you with a +0 flail!
* * * LOW HITPOINT WARNING * * *
😱 HP[-8]
You take 8 damage, and now have 6/54 hp.
You closely miss the gnoll.
A gnoll comes into view. It is wielding a +0 spear.
The gnoll closely misses you.
Unknown command.
You closely miss the gnoll. The gnoll barely misses you. 😱 HP[+1]
You barely miss the gnoll. The gnoll completely misses you.
You closely miss the gnoll. The gnoll hits you with a +0 flail!
You die...

Skill      XL: |  1  2  3  4  5  6  7 |
---------------+----------------------+-----
Fighting       | 2 3 4 |  4.0
Shapeshifting  | 4 5 6 |  6.1
Unarmed Combat | 4 5 |  5.0
Dodging        | |  2.3

Action                     |  1- 3 |  4- 6 |  7- 9 || total
---------------------------+-------+-------+-------++-------
  Melee: Unarmed           |   106 |   208 |    51 ||   365
         Punch             |     1 |     5 |       ||     6
    Use: Scroll            |     2 |    10 |     5 ||    17
         Potion            |       |     2 |     3 ||     5
   Stab: Sleeping          |       |     2 |       ||     2
 Armour: Animal skin       |    58 |    96 |    28 ||   182
         Skin              |       |    98 |       ||    98
  Dodge: Dodged            |    68 |   127 |    29 ||   224
   Form: Flux              |       |     1 |       ||     1

Levels and vault maps discovered:
D:1:      elethiomel_arrival_shortcut, layout_basic
D:2:      layout_loops_ring, st_stairs_7
D:3:      layout_loops_ring, lemuel_doored_altar, tgw_fedhas, elyvilon_altar_4,
          mainiacjoe_overflow_24_doors, gammafunk_temple_overflow_pools,
          serial_shops, shop, shop, nicolae_shop_trees, shop,
          nicolae_goblin_pals
D:4:      kennysheep_the_goblin_king, layout_cave_pools, temple_hall,
          uniq_robin, uniq_sigmund
D:5:      layout_basic, nicolae_dithmenos_the_darkroom, gup_sewer_entry_pipe,
          chequers_serial_rivers_micro_c
Temple:   nicolae_temple_ecumenical_triangle

Notes
Turn   | Place    | Note
-------+----------+-------------------------------------------
     0 | D:1      | kae the Human Shapeshifter began the quest for the Orb.
     0 | D:1      | Reached XP level 1. HP: 15/15 MP: 1/1
     0 | D:1      | magus.rc [v1.11.3]
    93 | D:1      | Reached XP level 2. HP: 21/21 MP: 2/2
   108 | D:1      | You pick up a book of Cantrips and begin reading...
   108 | D:1      | You add the spells Necrotise, Summon Small Mammal and
                  | Apportation to your library.
   447 | D:1      | Reached XP level 3. HP: 26/26 MP: 3/3
   953 | D:2      | Reached XP level 4. HP: 18/33 MP: 4/4
  1027 | D:2      | You pick up a book of Debilitation and begin reading...
  1027 | D:2      | You add the spells Slow, Sigil of Binding, Vampiric
                  | Draining and Confusing Touch to your library.
  1523 | D:3      | Reached skill level 2 in Fighting
  1528 | D:3      | Noticed Ijyb
  1528 | D:3      | Noticed Robin
  1545 | D:3      | Killed Robin
  1547 | D:3      | HP: 10/49 [Ijyb/+0 club (9)]
  1557 | D:3      | Killed Ijyb
  1558 | D:3      | Reached skill level 4 in Shapeshifting
  1558 | D:3      | Reached XP level 5. HP: 15/38 MP: 5/5
  1705 | D:3      | Found Cef Zuh's Armour Boutique.
  1713 | D:3      | Found an ornate altar of the Wu Jian Council.
  1729 | D:3      | Found Firphag's Assorted Antiques.
  1744 | D:3      | Bought a brown potion for 16 gold pieces
  1744 | D:3      | Bought a blue potion for 16 gold pieces
  1744 | D:3      | Bought a scroll of identify for 36 gold pieces
  1745 | D:3      | Identified a scroll of acquirement
  1745 | D:3      | Acquired 1072 gold pieces
  1747 | D:3      | Bought a bloodstained blade talisman for 572 gold pieces
  1747 | D:3      | Identified the blade talisman of Spaghetti {rN+++ Will-
                  | Int-4 Slay+6} (You bought it in a shop on level 3 of the
                  | Dungeon)
  1798 | D:3      | Found a white marble altar of Elyvilon.
  1836 | D:3      | Found Ximiny's Antique Armour Emporium.
  2039 | D:3      | Found Xeghuniu's Distillery.
  2131 | D:3      | Found a hazy altar of Hepliaklqana.
  2131 | D:3      | Found a bloodstained altar of Trog.
  2405 | D:3      | Found an iron altar of Okawaru.
  2645 | D:3      | Found a blossoming altar of Fedhas.
  2665 | D:3      | Noticed an oklob plant
  2939 | D:3      | Reached skill level 4 in Unarmed Combat
  2939 | D:3      | Reached XP level 6. HP: 24/46 MP: 6/6
  3029 | D:4      | Noticed an ogre
  3104 | D:4      | Noticed an ogre
  3213 | D:3      | HP: 8/35 [orc/+0 flail (5)]
  3361 | D:4      | Killed an ogre
  3362 | D:4      | Reached skill level 3 in Fighting
  3362 | D:4      | Reached skill level 5 in Shapeshifting
  3613 | D:4      | Killed an ogre
  3614 | D:4      | Reached XP level 7. HP: 31/52 MP: 7/7
  3768 | D:4      | Noticed Sigmund
  3836 | D:4      | Killed Sigmund
  4273 | D:4      | Found a staircase to the Ecumenical Temple.
  4344 | Temple   | Entered the Ecumenical Temple
  4349 | Temple   | Became a worshipper of Ru the Awakened
  4393 | D:5      | Entered Level 5 of the Dungeon
  4415 | D:5      | Reached skill level 4 in Fighting
  4415 | D:5      | Reached skill level 5 in Unarmed Combat
  4415 | D:5      | Reached skill level 6 in Shapeshifting
  4415 | D:5      | Reached XP level 8. HP: 35/60 MP: 8/8
  4431 | D:5      | HP: 7/54 [gnoll/+0 spear (8)]
  4437 | D:5      | HP: 6/54 [gnoll/+0 flail (8)]
  4441 | D:5      | Slain by a gnoll

Vanquished Creatures
  Sigmund (D:4)
  2 ogres (D:4)
  A centaur (D:5)
  A hound (D:3)
  Ijyb (D:3)
  2 iguanas
  2 orc wizards
  Robin (D:3)
  2 gnolls (D:5)
  2 adders
  2 worms
  3 dart slugs
  12 orcs
  7 ball pythons
  5 bats
  7 endoplasms
  4 giant cockroaches
  14 goblins
  15 hobgoblins
  3 jackals (D:1)
  A quokka (D:1)
  3 frilled lizards
  8 kobolds
  6 rats
105 creatures vanquished.

Vanquished Creatures (others)
  A quokka (D:3)
1 creature vanquished.

Grand Total: 106 creatures vanquished

Table legend:
 A = Non-vault XP
 B = Vault XP
 C = Vault XP percentage of total XP
 D = Non-vault monster count
 E = Vault monster count
 F = Vault count percentage of total count
                 A         B        C        D         E       F
            +---------+---------+-------+---------+---------+-------
      Total |     747 |     308 |  29.2 |      89 |      16 |  15.2
            +---------+---------+-------+---------+---------+-------
        D:1 |      46 |       0 |   0.0 |      26 |       0 |   0.0
        D:2 |      38 |       1 |   2.6 |      16 |       1 |   5.9
        D:3 |     179 |      76 |  29.8 |      27 |      14 |  34.1
        D:4 |     343 |     231 |  40.2 |      17 |       1 |   5.6
        D:5 |     141 |       0 |   0.0 |       3 |       0 |   0.0
            +---------+---------+-------+---------+---------+-------

Skill      XL: |  1  2  3  4  5  6  7 |
---------------+----------------------+-----
Fighting       | 2 3 4 |  4.0
Shapeshifting  | 4 5 6 |  6.1
Unarmed Combat | 4 5 |  5.0
Dodging        | |  2.3

Action                     |  1- 3 |  4- 6 |  7- 9 || total
---------------------------+-------+-------+-------++-------
  Melee: Unarmed           |   106 |   208 |    51 ||   365
         Punch             |     1 |     5 |       ||     6
    Use: Scroll            |     2 |    10 |     5 ||    17
         Potion            |       |     2 |     3 ||     5
   Stab: Sleeping          |       |     2 |       ||     2
 Armour: Animal skin       |    58 |    96 |    28 ||   182
         Skin              |       |    98 |       ||    98
  Dodge: Dodged            |    68 |   127 |    29 ||   224
   Form: Flux              |       |     1 |       ||     1

Illustrated notes

Table legend:
 A = Kills in this place as a percentage of kills in the entire game.
 B = Kills by you in this place as a percentage of kills by you in the entire game.
 C = Kills by friends in this place as a percentage of kills by friends in the entire game.
 D = Other kills in this place as a percentage of other kills in the entire game.
 E = Experience gained in this place as a percentage of experience gained in the entire game.
 F = Experience gained in this place divided by the number of levels of this place that you have seen.
                   A       B       C       D       E      F
               +-------+-------+-------+-------+-------+----------------------
         Total | 100.0 | 100.0 |   N/A |   N/A | 100.0 | 175.8
       Dungeon | 100.0 | 100.0 |   N/A |   N/A | 100.0 | 211.0
               +-------+-------+-------+-------+-------+----------------------

Table legend: (Time is in decaauts)
 A = Elapsed time spent in this place.
 B = Non-inter-level travel time spent in this place.
 C = Inter-level travel time spent in this place.
 D = Time resting spent in this place.
 E = Time spent auto-exploring this place.
 F = Levels seen in this place.
 G = Mean time per level.
                   A        B        C        D        E       F      G
               +--------+--------+--------+--------+--------+-----+--------+
         Total |   4432 |   4089 |    343 |    530 |   2797 |   6 |  738.7 |
       Dungeon |   4421 |   4084 |    337 |    530 |   2797 |   5 |  884.2 |
        Temple |     10 |      5 |      5 |      0 |      0 |   1 |   10.0 |
               +--------+--------+--------+--------+--------+-----+--------+

Top non-repeatable levels by time:
     D:3: 1972 daAuts
     D:4: 919 daAuts
     D:2: 799 daAuts
     D:1: 684 daAuts
     D:5: 46 daAuts
  Temple: 10 daAuts
